Map: Berlingrad LE

Players

DudeInTheQ

  • Race: Zerg Zerg
  • League: Diamond
  • Spawn Location: 11:00

Warthog - Winner!

  • Race: Terran Terran
  • League: Diamond
  • Spawn Location: 5:00

VOD

Have the link to the VOD?

Description

Time

  • Played on: Nov. 23, 2021, 6:27 p.m.
  • Length: 15:31
Show
View Real Time Build Order
Export as new Build Order

DudeInTheQ Zerg 

Build Orders: Hatch First 

Get SALT Encoding   

  12  0:00  Drone  
  13  0:12  Overlord  
  13  0:17  Drone  
  14  0:31  Drone x2  
  16  0:48  Hatchery  
  15  0:51  Drone  
  15  0:55  Drone  
  17  0:58  Drone  
  18  1:09  Extractor  
  17  1:13  Spawning Pool  
  17  1:16  Drone  
  17  1:19  Drone  
  18  1:27  Drone  
  19  1:39  Drone  
  20  1:49  Overlord  
  20  1:59  Queen  
  20  2:00  Queen  
  20  2:01  Zergling x4  
  26  2:13  Metabolic Boost, Drone x2  
  28  2:22  Drone x2  
  30  2:29  Spore Crawler  
  30  2:39  Queen  
  30  2:41  Overlord  
  32  2:49  Extractor  
  31  2:54  Drone x4  
  31  2:55  Drone  
  36  3:02  Hatchery  
  35  3:24  Overlord  
  35  3:25  Drone x5  
  40  3:31  Queen  
  42  3:39  Overlord  
  42  3:40  Overlord  
  42  3:41  Drone  
  43  3:42  Queen  
  45  3:51  Zergling x8  
  45  3:53  Drone x3  
  51  4:10  Queen  
  51  4:13  Baneling Nest  
  51  4:16  Zergling x4  
  51  4:17  Zergling x8  
  56  4:18  Drone  
  56  4:19  Drone x4  
  56  4:20  Drone  
  64  4:32  Queen  
  64  4:33  Drone  
  64  4:34  Drone x2  
  64  4:37  Lair, Extractor  
  68  4:38  Drone  
  68  4:40  Drone  
  68  4:45  Overlord  
  70  4:49  Drone x3  
  70  4:51  Drone  
  74  5:04  Spore Crawler x2  
  74  5:05  Spore Crawler, Drone x2  
  74  5:06  Drone x4  
  77  5:13  Drone  
  76  5:29  Overlord  
  73  5:53  Extractor  
  73  5:54  Drone x3, Extractor  
  73  5:55  Evolution Chamber x2  
  72  5:57  Drone  
  72  5:58  Drone x5  
  72  6:01  Overlord  
  72  6:02  Drone x2  
  72  6:03  Overlord  
  80  6:04  Drone x2  
  80  6:05  Hatchery  
  80  6:10  Centrifugal Hooks  
  81  6:12  Zergling x12  
  81  6:13  Zergling x2  
  81  6:18  Drone  
  89  6:21  Drone  
  89  6:23  Drone  
  89  6:24  Extractor x2  
  89  6:26  Drone  
  89  6:27  Spire, Zerg Melee Weapons Level 1  
  89  6:29  Drone  
  89  6:30  Drone x2  
  89  6:31  Drone  
  92  6:42  Overseer  
  92  6:55  Drone x3  
  92  7:00  Zerg Ground Armor Level 1  
  92  7:01  Zergling x16  
  96  7:02  Zergling x4  
  105  7:11  Overseer  
  105  7:15  Drone  
  106  7:18  Drone  
  106  7:19  Drone x5  
  106  7:21  Overlord x2  
  112  7:27  Baneling  
  112  7:28  Baneling x14  
  112  7:29  Baneling x5  
  112  7:35  Hatchery  
  112  7:36  Hatchery  
  110  7:40  Zergling x18  
  110  7:41  Zergling x4  
  121  7:45  Pneumatized Carapace  
  121  7:46  Zergling x2  
  121  7:47  Zergling x8  
  121  8:07  Zergling x2  
  121  8:09  Overlord x2  
  108  8:16  Zergling x10  
  108  8:17  Zergling x18  
  115  8:22  Zerg Melee Weapons Level 2  
  115  8:24  Drone  
  115  8:25  Drone x3  
  115  8:26  Overlord x2  
  119  8:29  Zergling x2  
  118  8:35  Baneling  
  118  8:36  Baneling x3  
  118  8:37  Baneling x7  
  118  8:38  Baneling x3  
  118  8:39  Baneling x6  
  118  8:40  Baneling x6  
  118  8:41  Baneling x3, Queen  
  117  8:42  Zergling x8  
  123  8:52  Overseer, Drone x3  
  126  9:07  Zerg Ground Armor Level 2  
  126  9:10  Zerg Flyer Weapons Level 1  
  126  9:12  Infestation Pit  
  125  9:21  Drone x5  
  125  9:23  Extractor  
  125  9:24  Zergling x16, Extractor  
  130  9:25  Zergling x38  
  155  9:35  Hatchery  
  139  9:45  Zergling x2  
  139  9:46  Zergling x24  
  139  9:49  Baneling x22  
  152  9:57  Hive  
  152  10:05  Overlord x4  
  152  10:11  Overlord x4  
  141  10:46  Zergling x2  
  141  10:47  Zergling x32  
  141  10:48  Zergling x32  
  138  10:51  Zergling x4  
  138  10:52  Zergling x4, Overseer  
  138  10:54  Baneling x7  
  138  10:55  Zergling x2, Baneling x2  
  138  10:56  Zergling x16  
  146  11:06  Overseer  
  146  11:07  Zergling x2  
  146  11:08  Zergling x12  
  152  11:13  Zerg Flyer Weapons Level 2, Zerg Melee Weapons Level 3, Adrenal Glands  
  139  11:26  Baneling x4  
  139  11:27  Baneling x8  
  139  11:28  Baneling  
  139  11:29  Baneling x3  
  139  11:30  Zergling x10, Baneling x2  
  139  11:31  Zergling x26  
  157  11:44  Mutalisk  
  157  11:45  Mutalisk x5  
  142  12:01  Zergling x2  
  142  12:02  Zergling x30  
  142  12:03  Zergling x6  
  142  12:08  Mutalisk x3  
  140  12:23  Mutalisk  
  140  12:24  Mutalisk x7  
  148  12:36  Baneling  
  144  12:37  Baneling x13  
  144  12:38  Zergling x2, Baneling x3  
  144  12:39  Zergling x8  
  149  12:55  Drone x4  
  153  13:07  Hatchery  
  150  13:15  Zergling x2, Baneling x5  
  150  13:16  Zergling x44  
  150  13:17  Zergling x6  
  169  13:31  Mutalisk x4  
  169  13:32  Mutalisk x2  
  169  13:33  Zergling x2  
  169  13:34  Zergling x18  
  180  13:36  Mutalisk x2  
  131  13:58  Baneling  
  117  14:03  Mutalisk x13  
  137  14:16  Zergling x2  
  136  14:17  Zergling x24  
  138  14:42  Zergling x2  
  138  14:43  Zergling x32  
  138  14:44  Zergling x12  
Show
View Real Time Build Order
Export as new Build Order

Warthog Terran - Winner!

Build Orders: Liberator Opening, Reaper Expand 

Get SALT Encoding   

  12  0:01  SCV  
  13  0:13  SCV  
  14  0:17  Supply Depot  
  14  0:25  SCV  
  15  0:38  SCV  
  15  0:40  Barracks  
  16  0:43  Refinery  
  16  0:51  SCV  
  17  1:03  SCV  
  18  1:15  SCV  
  19  1:27  Reaper  
  19  1:29  Orbital Command  
  20  1:40  Command Center  
  20  1:54  Supply Depot  
  20  1:57  SCV  
  20  1:59  Marine  
  22  2:09  SCV  
  23  2:18  Factory  
  23  2:20  Barracks Reactor  
  23  2:21  SCV  
  24  2:32  Refinery  
  24  2:37  SCV  
  25  2:52  SCV  
  25  2:55  Orbital Command  
  26  3:04  Starport  
  26  3:08  Barracks Tech Lab  
  26  3:09  SCV  
  26  3:11  Hellion x2  
  30  3:21  SCV  
  30  3:23  SCV  
  32  3:34  SCV  
  33  3:35  SCV  
  33  3:37  Hellion x2, Marine  
  33  3:38  Stimpack  
  39  3:43  Supply Depot  
  39  3:52  SCV  
  39  3:53  SCV  
  39  3:54  Liberator  
  44  3:59  Hellion  
  46  4:05  SCV x2, Hellion  
  46  4:06  Supply Depot  
  50  4:15  Marine  
  51  4:17  SCV x2  
  51  4:22  Command Center  
  53  4:29  SCV  
  53  4:31  SCV  
  55  4:40  Starport Reactor  
  55  4:41  Supply Depot, SCV  
  56  4:46  Barracks  
  56  4:50  SCV  
  56  4:52  Barracks, Factory Reactor  
  57  4:53  SCV  
  57  4:58  Engineering Bay x2  
  58  5:03  SCV  
  58  5:04  Refinery  
  58  5:05  SCV, Marine, Refinery  
  61  5:15  SCV  
  61  5:17  SCV  
  63  5:23  Marine  
  63  5:27  SCV  
  58  5:29  SCV  
  58  5:30  Hellion x2  
  58  5:35  Orbital Command  
  59  5:39  SCV  
  59  5:42  Marine x3  
  59  5:44  Combat Shield  
  59  5:46  Terran Infantry Armor Level 1, Terran Infantry Weapons Level 1  
  59  5:48  Starport Reactor  
  58  5:52  Barracks  
  58  5:53  SCV  
  58  5:54  Barracks  
  58  5:56  Marine x2  
  61  5:58  Widow Mine x2  
  61  6:00  Marine x2  
  61  6:01  Marine  
  68  6:07  SCV x2  
  70  6:17  Supply Depot  
  70  6:18  Supply Depot  
  70  6:19  SCV  
  70  6:20  SCV  
  72  6:29  Marine x2  
  72  6:30  Orbital Command, Marine x2  
  72  6:32  SCV x2  
  77  6:35  Armory  
  77  6:40  Supply Depot  
  77  6:41  Barracks Reactor x2  
  77  6:44  SCV  
  77  6:45  SCV  
  79  6:55  Supply Depot  
  79  6:56  SCV x2  
  79  6:57  SCV  
  79  6:59  Marauder  
  84  7:05  Marine  
  84  7:06  Marine x2  
  84  7:07  Medivac x2, Widow Mine x2  
  84  7:08  SCV x2  
  97  7:09  SCV  
  97  7:10  Concussive Shells  
  97  7:15  Supply Depot  
  98  7:19  Supply Depot  
  98  7:20  SCV x2, Marauder  
  102  7:28  Supply Depot  
  102  7:36  Marine  
  102  7:37  Marine x7  
  102  7:38  Medivac x2, Widow Mine x2  
  102  7:42  SCV x3, Marauder  
  123  7:45  Supply Depot  
  123  7:47  Supply Depot  
  123  7:49  Supply Depot  
  123  7:52  Supply Depot  
  123  7:54  SCV x2, Marine x2  
  123  7:55  Marine x3  
  130  7:59  Widow Mine  
  128  8:12  Marine x6  
  117  8:13  Medivac x2, Widow Mine  
  117  8:14  Marine  
  114  8:21  Widow Mine  
  114  8:22  Marine  
  114  8:23  Marine  
  114  8:26  Factory  
  118  8:28  Command Center  
  118  8:30  Marine x6  
  118  8:32  Marine  
  125  8:35  Widow Mine  
  125  8:40  Marine  
  128  8:42  Widow Mine  
  128  8:43  Medivac  
  128  8:47  Medivac, Marine  
  137  8:48  Marauder  
  137  8:51  Barracks x2  
  137  8:52  Barracks  
  137  8:56  Widow Mine  
  137  8:57  Marine  
  137  9:01  Marine  
  141  9:04  Widow Mine  
  141  9:09  Factory Tech Lab  
  145  9:10  Terran Infantry Armor Level 2, Terran Infantry Weapons Level 2, Marauder  
  145  9:13  Medivac  
  147  9:17  Widow Mine  
  147  9:24  Marine x3  
  149  9:25  Widow Mine, Marine  
  149  9:26  Marine  
  149  9:27  Marine  
  159  9:31  Marauder  
  155  9:39  Widow Mine  
  155  9:42  Marine x5  
  155  9:43  Marine  
  155  9:44  Widow Mine  
  151  9:46  Widow Mine  
  151  9:48  Barracks Tech Lab x3  
  155  9:52  Marine  
  155  9:53  Marauder  
  156  10:00  Widow Mine  
  156  10:05  Widow Mine  
  160  10:08  Widow Mine  
  162  10:14  Marauder  
  162  10:15  Marine  
  162  10:16  Marauder, Marine x9  
  174  10:21  Widow Mine  
  176  10:33  Marine x4  
  180  10:40  Marine x2  
  180  10:42  Marine x4  
  180  10:43  Widow Mine, Marauder x2  
  180  10:45  Medivac x2, Widow Mine x2  
  152  10:50  Planetary Fortress  
  152  10:51  Marine x4  
  156  10:58  Marauder, Marine  
  156  10:59  Marine  
  156  11:00  Marine x2  
  156  11:01  Marauder  
  166  11:04  Widow Mine, Marauder x2  
  166  11:07  Widow Mine x2  
  166  11:09  Marine x4  
  178  11:12  Terran Vehicle And Ship Armor Level 1  
  178  11:15  Marine  
  178  11:17  Marine  
  178  11:18  Marine x2  
  170  11:20  Marauder  
  170  11:21  Marine  
  170  11:25  Widow Mine, Marine  
  166  11:26  Marauder  
  166  11:27  Marine x4  
  166  11:28  Widow Mine x2  
  177  11:33  Marine  
  177  11:35  Marine  
  179  11:42  Command Center  
  179  11:47  Marauder  
  179  11:48  Widow Mine  
  179  11:49  Marauder x2  
  179  11:50  Widow Mine  
  179  11:51  Marine  
  179  11:52  Marauder  
  179  12:01  Marine x7  
  166  12:03  Widow Mine  
  166  12:07  Liberator x2  
  166  12:08  Marine  
  164  12:09  Marine x3  
  164  12:10  Widow Mine  
  164  12:11  Widow Mine  
  164  12:12  Marine  
  158  12:19  Marine x7  
  161  12:26  Marauder  
  161  12:27  Marine x2  
  163  12:30  Widow Mine, Marauder, Marine  
  163  12:31  Widow Mine  
  163  12:36  Marine  
  163  12:37  Marine x5  
  165  12:38  Missile Turret x3  
  165  12:40  Missile Turret  
  170  12:45  Marine x2  
  170  12:46  Marauder  
  170  12:47  Marauder  
  170  12:49  Marauder  
  170  12:50  Liberator  
  180  12:54  Thor, Liberator, Marine  
  187  13:20  Marine  
  187  13:21  Marauder, Marine x5  
  195  13:27  Marauder, Marine x2  
  195  13:32  Liberator  
  189  13:35  Marine x2  
  189  13:37  Liberator  
  189  13:38  Marine  
  186  13:42  Marauder, Marine  
  186  13:43  Marine x4  
  186  13:45  Marine x2  
  186  13:48  Widow Mine x2, Marine  
  178  13:53  Marine x2  
  161  13:56  Marine  
  161  14:00  Marine  
  161  14:01  Marine  
  162  14:03  Marine x2  
  162  14:04  Marauder  
  162  14:06  Marine x2  
  162  14:07  Marauder, Marine  
  170  14:11  Marauder, Marine  
  170  14:14  Marine  
  170  14:15  Medivac  
  169  14:17  Marine  
  169  14:19  Marine  
  169  14:21  Marine x2  
  169  14:24  Marine x4  
  171  14:27  Marine  
  171  14:29  Marine  
  175  14:32  Marine x2  
  175  14:35  Marine  
  175  14:37  Marine  
  179  14:39  Marine x2  
  179  14:41  Medivac  
  179  14:42  Marine x4  
  187  14:45  Medivac, Marine  
  187  14:46  Marine  
  187  14:49  Marine  
  187  14:50  Marine  
  184  14:53  Widow Mine x3, Marine  
  184  14:54  Marine  
  191  14:57  Marine x2  
  191  14:59  Marine  
  191  15:00  Marine x2  
Tags
 
Add a new tag
Caveats
  • Supply blocks, unpowered buildings, or Contaminate may cause inaccurate times.
  • Supply counts are checked every 10 seconds.